 Dungeon Crawl Stone Soup version 0.28.0 (webtiles) character file.

Game seed: 6663749775097347945

87 Crownlay the Shield-Bearer (level 4, -1/45 HPs)
             Began as a Troll Fighter on Feb 18, 2022.
             Slain by Grinder (4 damage)
             ... on level 3 of the Dungeon.
             The game lasted 00:05:33 (1890 turns).

Crownlay the Shield-Bearer (Troll Fighter)          Turns: 1890, Time: 00:05:33

Health: -1/45      AC:  4    Str: 26    XL:     4   Next: 28%
Magic:  3/3        EV:  8    Int:  4    God:
Gold:   132        SH:  7    Dex:  9    Spells: 3/3 levels left

rFire   . . .      SeeInvis .   i - +1 flail
rCold   . . .      Faith    .   b - +0 kite shield
rNeg    . . .      Spirit   .   a - +0 robe
rPois   .          Reflect  .   (helmet restricted)
rElec   .          Harm     .   (no cloak)
rCorr   .          Rampage  .   (gloves unavailable)
Will    .....                   (boots unavailable)
Stlth   +.........              (no amulet)
HPRegen 0.95/turn               (no ring)
MPRegen 0.08/turn               (no ring)

@: no status effects
A: large, unfitting armour, claws 3, regeneration 1, shaggy fur 1, tough skin 1
a: no special abilities


You were on level 3 of the Dungeon.
You visited 1 branch of the dungeon, and saw 3 of its levels.

You collected 132 gold pieces.

Inventory:

Hand Weapons
 i - a +1 flail (weapon)
Armour
 a - a +0 robe (worn)
 b - a +0 kite shield (worn)
Scrolls
 e - a scroll of teleportation {unknown}
 f - 2 scrolls of fog
 g - a scroll of noise {unknown}
 h - 4 scrolls of identify
 j - a scroll of vulnerability {unknown}
 m - a scroll of magic mapping {unknown}
 o - a scroll of holy word {unknown}
Potions
 c - a potion of might
 d - a potion of curing {unknown}
 k - a potion of haste {unknown}
 l - a potion of magic {unknown}
 n - a potion of heal wounds {unknown}
 p - a potion of brilliance {unknown}


   Skills:
 + Level 3.1 Fighting
 + Level 1.8 Maces & Flails
 - Level 2.4 Dodging
 + Level 3.1 Shields
 - Level 2.0 Unarmed Combat


You had 3 spell levels left.
You didn't know any spells.
Your spell library contained the following spells:

 Spells                   Type           Power      Damage    Failure   Level
 Gell's Gravitas          Tloc           0%         N/A       99%         3
 Teleport Other           Tloc           0%         N/A       99%         3
 Dispersal                Tloc           0%         N/A       100%        6


Dungeon Overview and Level Annotations

Branches:
Dungeon (3/15)

Altars:

Shops:
D:1 [   D:3 (

Annotations:
D:3 Grinder


Innate Abilities, Weirdness & Mutations

You are too large for most types of armour.
You have claws for hands.
Your natural rate of healing is unusually fast.
You are covered in fur. (AC +1)
You have tough skin. (AC +1)


Message History

You sock Grinder!
Grinder is lightly wounded.
Grinder completely misses you.
You hit Grinder.
Grinder is moderately wounded.
Grinder hits you but does no damage. Grinder gestures at you.
Pain shoots through your body!
* * * LOW HITPOINT WARNING * * *
Grinder gestures at you. Pain shoots through your body!
* * * LOW HITPOINT WARNING * * *
You see here 4 gold pieces.
You aren't carrying any items that you can evoke.
Grinder gestures at you.
You suddenly lose the ability to move!
Grinder barely misses you.
Grinder blinks!
You can move again.
You barely miss Grinder.
Grinder is moderately wounded.
Grinder blinks!
Grinder gestures at you.
You suddenly lose the ability to move!
Grinder hits you.
* * * LOW HITPOINT WARNING * * *
You writhe in agony.
* * * LOW HITPOINT WARNING * * *
You can move again.
You closely miss Grinder.
Grinder is moderately wounded.
Grinder gestures at you. You resist with significant effort. Grinder hits you.
* * * LOW HITPOINT WARNING * * *
You closely miss Grinder.
Grinder is moderately wounded.
Grinder hits you.
* * * LOW HITPOINT WARNING * * *
You writhe in agony.
You die...

.....#>########.#
#.#
................#
#.#
#####..##########
#.# .......# #.#
####...#
#.##########
##...##
#...........
#.....#######
#..#########
#.#.......$..#####
#..#
##.##..#.###..5@.#
#..# ## #.##.#
#####.......#
#..##.. ......##
##.##### #######
#.# ..# ###


You could see Grinder.

Vanquished Creatures
  4 adders
  A worm (D:2)
  An orc (D:3)
  6 ball pythons
  6 endoplasms
  2 giant cockroaches
  5 goblins
  5 hobgoblins
  2 quokkas (D:1)
  3 bats
  3 frilled lizards
  3 kobolds
  5 rats
46 creatures vanquished.

Notes
Turn   | Place    | Note
-------+----------+-------------------------------------------
     0 | D:1      | Crownlay the Troll Fighter began the quest for the Orb.
     0 | D:1      | Reached XP level 1. HP: 22/22 MP: 0/0
   179 | D:1      | Reached XP level 2. HP: 29/29 MP: 1/1
   314 | D:1      | Found Leshryc's Armour Shop.
   424 | D:1      | Reached skill level 1 in Maces & Flails
   659 | D:2      | Reached XP level 3. HP: 36/36 MP: 2/2
  1342 | D:2      | Found a faded altar of an unknown god.
  1344 | D:2      | Noticed an eye of devastation
  1345 | D:2      | Noticed an eye of devastation
  1345 | D:2      | Noticed a floating eye
  1345 | D:2      | Noticed a great orb of eyes
  1484 | D:3      | Found Cotoedo's Weapon Emporium.
  1522 | D:3      | Reached XP level 4. HP: 45/45 MP: 3/3
  1859 | D:3      | Noticed Grinder
  1874 | D:3      | HP: 2/45 [Grinder/nerve-wracking pain (12)]
  1875 | D:3      | Paralysed by Grinder for 3 turns
  1882 | D:3      | Paralysed by Grinder for 7 turns
  1890 | D:3      | Slain by Grinder

Illustrated notes

Levels and vault maps discovered:
D:1:      lightli_arrival_statue_moat, layout_loops_cross, serial_shops,
          nicolae_shop_behind_doors, minmay_pentomino_u4
D:2:      layout_loops_ring, hellmonk_ecumenical_altar_watching_god
D:3:      layout_loops_ring, gammafunk_ghost_nasty_kobolds, serial_shops,
          nicolae_diamond_shop, hex_large, uniq_grinder

Skill      XL: |  1  2  3 |
---------------+----------+-----
Maces & Flails | 1 |  1.8
Fighting       | 3 |  3.1
Shields        | 3 |  3.1
Dodging        | |  2.4
Unarmed Combat | |  2.0

Action                   |  1- 3 |  4- 6 || total
-------------------------+-------+-------++-------
Melee: Mace              |    41 |       ||    41
       Unarmed           |     8 |       ||     8
       Flail             |    84 |    37 ||   121
  Use: Scroll            |     2 |       ||     2
 Stab: Sleeping          |     1 |       ||     1
Armor: Robe              |    60 |     7 ||    67
Dodge: Dodged            |    43 |    14 ||    57
Block: Kite shield       |    74 |    12 ||    86
